 Seeded DCSS version 0.29.1-15-g9cfb28693d (webtiles) character file.

Game seed: 8515177902725472229 (custom seed)

773 valliere the Conjurer (level 7, -7/40 HPs)
             Began as a Deep Elf Conjurer on Apr 20, 2023.
             Was a Follower of Vehumet.
             Mangled by a troll (8 damage)
             ... on level 6 of the Dungeon.
             The game lasted 00:10:16 (5501 turns).

valliere the Conjurer (Deep Elf Conjurer)           Turns: 5501, Time: 00:10:16

Health: -7/40      AC: 15    Str: 10    XL:     7   Next: 53%
Magic:  8/18       EV: 13    Int: 27    God:    Vehumet [*.....]
Gold:   207        SH:  0    Dex: 13    Spells: 10/18 levels left

rFire   + + .      SeeInvis .   e - +3 Elemental Staff {rElec rF++ rC++ AC+5}
rCold   + + +      Faith    .   (no shield)
rNeg    . . .      Spirit   .   a - +0 robe
rPois   .          Reflect  .   (no helmet)
rElec   +          Harm     .   (no cloak)
rCorr   .          Rampage  .   (no gloves)
Will    +....                   r - +3 pair of mountain boots {steadfast, rC+}
Stlth   +++.......              m - amulet of the acrobat
HPRegen 0.13/turn               t - ring of Keuxuen {rElec Will+ AC+4 Int+4}
MPRegen 0.16/turn               u - ring of Suicidal Tendencies {rC+ Str+4}

@: no status effects
A: no striking features
a: Renounce Religion


You were on level 6 of the Dungeon.
You worshipped Vehumet.
Vehumet was aware of your devotion.
You visited 1 branch of the dungeon, and saw 6 of its levels.

You collected 207 gold pieces.

Inventory:

Hand Weapons
 e - the +3 Elemental Staff (weapon) {rElec rF++ rC++ AC+5}
   (You acquired it on level 1 of the Dungeon)

   If the wielder is skilled in Evocations, they can discharge powerful blasts
   of elemental energy when striking with it.
   It enhances your fire, ice, earth and air magic.
   AC:        It affects your AC (+5).
   rF:        It greatly protects you from fire.
   rC:        It greatly protects you from cold.
   rElec:     It insulates you from electricity.
Missiles
 q - 4 throwing nets
Armour
 a - a +0 robe (worn)
 r - the +3 pair of mountain boots (worn) {steadfast, rC+}
   (You acquired it on level 2 of the Dungeon)

   It prevents involuntary movement, except for blinking, teleportation, or
   banishment.
   rC:        It protects you from cold.
Jewellery
 m - an amulet of the acrobat (around neck)
 t - the ring of Keuxuen (left hand) {rElec Will+ AC+4 Int+4}
   (You acquired it on level 2 of the Dungeon)

   [ring of protection]

   AC:        It affects your AC (+4).
   Int:       It affects your intelligence (+4).
   rElec:     It insulates you from electricity.
   Will:      It increases your willpower.
 u - the ring of Suicidal Tendencies (right hand) {rC+ Str+4}
   (You acquired it on level 2 of the Dungeon)

   [ring of protection from cold]

   Str:       It affects your strength (+4).
   rC:        It protects you from cold.
Wands
 z - a wand of paralysis (2)
Scrolls
 d - 6 scrolls of identify {unknown}
 j - 3 scrolls of blinking {unknown}
 l - a scroll of enchant weapon {unknown}
 n - 3 scrolls of teleportation {unknown}
 p - a scroll of vulnerability {unknown}
 s - 2 scrolls of noise {unknown}
 w - 2 scrolls of fear {unknown}
 x - 2 scrolls of amnesia {unknown}
 y - 2 scrolls of enchant armour {unknown}
 B - a scroll of butterflies {unknown}
 C - a scroll of poison {unknown}
 D - a scroll of brand weapon {unknown}
Potions
 b - 2 potions of magic
 c - 3 potions of curing {unknown}
 f - a potion of attraction {unknown}
 g - a potion of might {unknown}
 h - a potion of flight {unknown}
 i - 3 potions of heal wounds {unknown}
 k - a potion of mutation {unknown}
 o - 2 potions of haste {unknown}
 v - 2 potions of lignification {unknown}
 A - a potion of cancellation {unknown}


   Skills:
 + Level 2.0 Fighting
 + Level 2.4 Staves
 + Level 4.2 Dodging
 + Level 4.3 Stealth
 * Level 6.2 Spellcasting
 * Level 6.2 Conjurations
 + Level 2.3 Hexes


You had 10 spell levels left.
You knew the following spells:

 Your Spells              Type           Power      Damage    Failure   Level
a - Magic Dart            Conj           100%       1d8       1%          1
b - Iskenderun's Mystic   Conj/Tloc      25%        2d7       17%         4
c - Call Canine Familiar  Summ           8%         N/A       19%         3

Your spell library contained the following spells:

 Spells                   Type           Power      Damage    Failure   Level
 Shock                    Conj/Air       100%       1d9       1%          1
 Searing Ray              Conj           84%        2d7       1%          2
 Slow                     Hex            80%        N/A       2%          1
 Dazzling Flash           Conj/Hex       62%        N/A       3%          3
 Beastly Appendage        Tmut           16%        N/A       6%          1
 Confusing Touch          Hex            20%        N/A       8%          3
 Wereblood                Tmut           8%         N/A       10%         2
 Fulminant Prism          Conj/Hex       15%        3d11      11%         4
 Inner Flame              Hex/Fire       21%        N/A       12%         3
 Portal Projectile        Hex/Tloc       28%        N/A       12%         3
 Spider Form              Tmut/Pois      8%         N/A       19%         3
 Vampiric Draining        Necr           8%         2d6       19%         3
 Cause Fear               Hex            10%        N/A       24%         4
 Leda's Liquefaction      Hex/Erth       10%        N/A       36%         4
 Passage of Golubria      Tloc           8%         N/A       54%         4
 Silence                  Hex/Air        10%        N/A       73%         5
 Discord                  Hex            10%        N/A       100%        8
 Lehudib's Crystal Spear  Conj/Erth      19%        10d6      100%        8


Dungeon Overview and Level Annotations

Branches:
Dungeon (6/15)
 Temple: D:4-7

Altars:
Vehumet
Xom

Shops:
D:2 *   D:5 **

Annotations:
D:4 2 transporters, safid's ghost, amateur MfIE


Message History

Found 20 gold pieces.
Casting: Call Canine Familiar (quite dangerous; 19% risk of failure)
Confirm with . or Enter, or press ? or * to list all spells.
The spell is quite dangerous to miscast (19% risk of failure)!
Continue anyway?
The magic dart hits the troll.
The troll is lightly wounded.
The magic dart hits the troll but does no damage.
The troll is lightly wounded.
Your hound misses the troll. The troll misses you.
The troll claws you but does no damage. x2; Your hound bites the troll.
The magic dart hits the troll.
The troll is moderately wounded.
The troll bites you but does no damage. The troll claws you but does no damage.
The troll claws you.
Your hound bites the troll.
The magic dart hits the troll.
The troll is heavily wounded.
Your hound bites the troll.
The troll bites you. The troll closely misses you. The troll barely misses you.
Your hound closely misses the troll.
The magic dart hits the troll.
The troll is severely wounded.
The troll bites you.
The troll claws you but does no damage. x2
Your hound closely misses the troll.
The magic dart hits the troll.
The troll is severely wounded.
Your hound bites the troll but does no damage.
The troll bites you! The troll claws you but does no damage.
The troll claws you.
* * * LOW HITPOINT WARNING * * *
Your hound bites the troll.
You hit the troll.
The troll is almost dead.
The troll bites you!
* * * LOW HITPOINT WARNING * * *
The troll barely misses you. The troll misses you.
Your hound bites the troll.
The troll bites you.
* * * LOW HITPOINT WARNING * * *
The troll claws you but does no damage. x2
The troll attacks as you move away! The troll barely misses you.
The troll misses you. The troll claws you!
You die...

...#.#...###.# ###
.......#####.### .$...#
.##............# .....#
.##....#####.#.........#
......#### #.#####.....#
###......# #...........#
# #...##.#####.........#
########.......Th......#
.............#..@......#
############.####.######
#.# .# #.# ## #.. ##. ##


You could see a troll (ally target) and a friendly hound (summoned).

Vanquished Creatures
  A steam dragon (D:6)
  A water moccasin (D:5)
  A scorpion (D:6)
  A jelly (D:2)
  2 orc priests
  A gnoll bouda (D:5)
  3 iguanas
  An orc wizard (D:5)
  7 gnolls
  3 adders
  6 river rats (D:6)
  A white imp (D:6)
  An ufetubus (D:4)
  3 dart slugs
  16 orcs
  5 ball pythons
  5 bats
  3 endoplasms
  4 giant cockroaches
  7 goblins
  7 hobgoblins
  5 jackals (D:2)
  4 quokkas
  5 frilled lizards
  4 kobolds
  9 rats
106 creatures vanquished.

Notes
Turn   | Place    | Note
-------+----------+-------------------------------------------
     0 | D:1      | valliere the Deep Elf Conjurer began the quest for the Orb.
     0 | D:1      | Reached XP level 1. HP: 10/10 MP: 6/6
    91 | D:1      | Identified a scroll of acquirement
    91 | D:1      | Acquired the +3 Elemental Staff {rElec rF++ rC++ AC+5}
    91 | D:1      | Found the +3 Elemental Staff {rElec rF++ rC++ AC+5}
   250 | D:1      | Reached XP level 2. HP: 15/15 MP: 5/8
  1047 | D:2      | Reached XP level 3. HP: 10/19 MP: 1/10
  1184 | D:2      | Found a shimmering altar of Xom.
  1201 | D:2      | Found Vuamm's General Store.
  1727 | D:2      | Reached XP level 4. HP: 24/24 MP: 6/12
  1826 | D:2      | Reached skill level 1 in Staves
  1826 | D:2      | Reached skill level 5 in Conjurations
  2022 | D:2      | Acquired the ring of Keuxuen {rElec Will+ AC+4 Int+4}
  2025 | D:2      | Acquired the ring of Suicidal Tendencies {rC+ Str+4}
  2028 | D:2      | Acquired the +3 pair of mountain boots {steadfast, rC+}
  2028 | D:2      | Found the +3 pair of mountain boots {steadfast, rC+}
  2107 | D:3      | Found a faded altar of an unknown god.
  2160 | D:3      | Reached skill level 1 in Fighting
  2160 | D:3      | Reached XP level 5. HP: 15/29 MP: 9/13
  3095 | D:4      | Learned a level 4 spell: Iskenderun's Mystic Blast
  3216 | D:4      | Found a transporter.
  3216 | D:4      | Noticed safid's ghost (amateur MfIE)
  3306 | D:4      | Found a transporter.
  3423 | D:4      | Reached skill level 5 in Spellcasting
  3762 | D:5      | Entered Level 5 of the Dungeon
  3897 | D:5      | Reached XP level 6. HP: 18/34 MP: 12/15
  4152 | D:5      | Found a radiant altar of Vehumet.
  4171 | D:5      | Became a worshipper of Vehumet
  4375 | D:5      | Learned a level 3 spell: Call Canine Familiar
  4423 | D:5      | Reached skill level 1 in Hexes
  4639 | D:5      | Noticed a water moccasin
  4662 | D:5      | Killed a water moccasin
  4663 | D:5      | Reached XP level 7. HP: 30/39 MP: 6/17
  4901 | D:5      | Found Bylic's Specific Store.
  4905 | D:5      | Found Naef Ace's General Store.
  5108 | D:6      | Noticed a steam dragon
  5127 | D:6      | Killed a steam dragon
  5286 | D:6      | Reached * piety under Vehumet
  5286 | D:6      | Offered knowledge of Shock by Vehumet.
  5483 | D:6      | Noticed a troll
  5500 | D:6      | HP: 1/40 [troll (2)]
  5501 | D:6      | Mangled by a troll

Illustrated notes

Levels and vault maps discovered:
D:1:      sevenhm_arrival_forest_fort_large_4, layout_basic,
          nrook_loot_triangle, minmay_lizard_pond
D:2:      layout_loops_ring, basic_altar, serial_shops,
          nicolae_shop_temple_entry_statues_fountains
D:3:      layout_basic, ebering_ecumenical_altar_webs, serial_forest,
          infiniplex_forest_lined_corner, infiniplex_forest_lined_1,
          infiniplex_forest_lined_1, infiniplex_forest_clump_small,
          infiniplex_forest_lined_room_3, infiniplex_forest_straight_1,
          infiniplex_forest_lined_room_2, infiniplex_forest_straight_4
D:4:      layout_cave_pools, gammafunk_ghost_arena
D:5:      layout_loops_ring, mainiacjoe_overflow_catwalk, nicolae_specific_store
D:6:      lemuel_ratsnest, layout_rooms, mainiacjoe_overflow_boulevard,
          ebering_ghost_rock_garden, hangedman_abyss_or_decor_stagger,
          serial_park_tiny_1

Skill      XL: |  1  2  3  4  5  6  7 |
---------------+----------------------+-----
Dodging        | 3 4 |  4.2
Stealth        | 3 4 |  4.3
Spellcasting   | 4 5 6 |  6.2
Staves         | 1 2 |  2.4
Conjurations   | 5 6 |  6.2
Fighting       | 1 2 |  2.0
Hexes          | 1 2 |  2.3

Action                   |  1- 3 |  4- 6 |  7- 9 || total
-------------------------+-------+-------+-------++-------
Melee: Staff             |    10 |    49 |    43 ||   102
       Punch             |       |     1 |     1 ||     2
 Cast: Magic Dart        |    58 |   138 |    60 ||   256
       Call Canine Famil |       |     2 |     2 ||     4
       Iskenderun's Myst |       |       |     1 ||     1
  Use: Scroll            |     1 |     3 |       ||     4
Armor: Robe              |    11 |    25 |    32 ||    68
Dodge: Dodged            |    18 |    41 |    40 ||    99
